 Dungeon Crawl Stone Soup version 0.30.1-4-g462c640d31 (webtiles) character file.

Game seed: 5195545618060481949

6960 Zeor the Carver (level 10, -2/84 HPs)
             Began as a Grey Draconian Gladiator on Sept 12, 2023.
             Was a Priest of Wu Jian.
             Slain by an ice devil (11 damage)
             ... on level 2 of the Abyss.
             The game lasted 00:30:18 (10103 turns).

Zeor the Carver (Grey Draconian Gladiator)         Turns: 10103, Time: 00:30:19

Health: -2/84      AC: 14    Str: 17    XL:     10   Next: 81%
Magic:  16/16      EV: 16    Int:  9    God:    Wu Jian [***...]
Gold:   857        SH:  0    Dex: 16    Spells: 14/17 levels left

rFire   . . .        a - +1 long sword (freeze)
rCold   . . .        (no shield)
rNeg    . . .        (body armour unavailable)
rPois   .            b - +1 hat
rElec   .            u - +0 cloak
rCorr   .            (no gloves)
SInv    .            (no boots)
Will    +....        (no amulet)
Stlth   +++          z - ring of willpower
HPRegen 0.00/turn    (no ring)
MPRegen 0.15/turn

%: no passive effects
@: sick, slowed, very slow
A: AC +12, amphibious, unfitting armour, cold-blooded
a: Renounce Religion, Wall Jump, Serpent's Lash


You were on level 2 of the Abyss.
You worshipped Wu Jian.
Wu Jian was most pleased with you.
You visited 2 branches of the dungeon, and saw 10 of its levels.
You visited the Abyss 1 time.
You also visited: Bailey.

You collected 857 gold pieces.

Inventory:

Hand Weapons
 a - a +1 long sword of freezing (weapon)
 i - a +2 falchion of holy wrath
 m - a +3 great sword
 D - a +3 long sword
Missiles
 c - 5 throwing nets
 d - a javelin
 g - 22 boomerangs (quivered)
 n - 20 poisoned darts
 s - 6 boomerangs of dispersal
 w - a silver boomerang
Armour
 b - a +1 hat (worn)
 u - a +0 cloak (worn)
Jewellery
 z - a ring of willpower (left hand)
 C - a ring of ice
Wands
 y - a wand of acid (13)
 A - a wand of flame (16)
 B - a wand of iceblast (9)
Scrolls
 e - 6 scrolls of fog
 j - 3 scrolls of enchant weapon
 p - a scroll of poison
 q - 2 scrolls of vulnerability
 r - 2 scrolls of teleportation
 v - a scroll of identify
 x - a scroll of immolation
Potions
 f - a potion of invisibility
 h - 2 potions of ambrosia
 k - 6 potions of curing
 l - 7 potions of mutation
 o - a potion of brilliance
 t - a potion of lignification
 E - a potion of flight
Miscellaneous
 F - a phial of floods


   Skills:
 * Level 6.3 Fighting
 * Level 12.3 Long Blades
 + Level 2.3 Throwing
 * Level 7.4 Dodging
 + Level 4.4 Stealth
 * Level 4.2 Spellcasting


You had 14 spell levels left.
You knew the following spells:

 Your Spells              Type           Power      Damage    Failure   Level
d - Magic Dart            Conj           4%         1d3       26%         1
r - Searing Ray           Conj           2%         2d4       38%         2

Your spell library contained the following spells:

 Spells                   Type           Power      Damage    Failure   Level
 Beastly Appendage        Tmut           2%         N/A       26%         1
 Inner Flame              Hex/Fire       1%         N/A       63%         3
 Fulminant Prism          Conj/Hex       0%         3d5       95%         4
 Yara's Violent Unravell  Hex/Tmut       0%         3d3       100%        5
 Enfeeble                 Hex            0%         N/A       100%        7


Dungeon Overview and Level Annotations

Branches:
Dungeon (9/15)             Temple (1/1) D:7             Orc (0/2) D:9
 Bailey (visited)
   Lair: D:8-11

Altars:
Cheibriados
Elyvilon
Fedhas
Gozag
Hepliaklqana
Kikubaaqudgha
Makhleb
Nemelex Xobeh
Okawaru
Qazlal
Ru
Sif Muna
Trog
Uskayaw
Vehumet
Wu Jian
Xom
Zin
The Shining One

Shops:
D:7 :


Innate Abilities, Weirdness & Mutations

Your dull iron-grey scales are very hard. (AC +12)
You are amphibious.
You cannot fit into any form of body armour.
You are cold-blooded and may be slowed by cold attacks.


Message History

You hit the ancient zyme but do no damage.
The ancient zyme is lightly damaged.
The ancient zyme hits you but does no damage.
The ancient zyme closely misses you.
You hit the ancient zyme. You freeze the ancient zyme.
The ancient zyme is lightly damaged.
The ancient zyme hits you but does no damage.
The ancient zyme closely misses you.
Enter note: sure
Okay, then.
You feel better.
The ancient zyme hits you but does no damage.
The ancient zyme misses you.
You are confused.
You feel invigorated. The ancient zyme barely misses you.
The ancient zyme hits you but does no damage.
You feel ill.
You're too confused to move!
The ancient zyme misses you.
The ancient zyme hits you but does no damage.
The ancient zyme hits you but does no damage. x2
You bump into the stone wall.
You feel less invigorated.
You feel less confused.
The white imp shouts!
The ancient zyme hits you!
The ancient zyme hits you but does no damage.
Enter note: suuuure
Enter note: good crawl You hit the flayed ghost.
You freeze the flayed ghost.
The flayed ghost is lightly damaged.
The flayed ghost hits you!
* * * LOW HITPOINT WARNING * * *
The ancient zyme misses you. The ancient zyme hits you!
* * * LOW HITPOINT WARNING * * *
You feel ill. The white imp gestures at you. The puff of frost misses you.
The ice devil hits you.
* * * LOW HITPOINT WARNING * * *
The ice devil freezes you!
You feel yourself slow down.
You die...

∙ ∙▒▒ ▒∙ 5#▒ ∙
∙▒ ▒∙∙▒∙∙ ∙ ∙
▒▒∙∙∙∙∙
∙∙▒▒▒∙▒▒▒▒∙∙∙
▒∙∙▒▒▒∙∙∙∙▒
▒▒∙∙∙▒W∙▒▒ ▒∙
▒∙∙∙∙∙d∙∙▒
▒∙∙▒∙▒▒▒x4▒∙▒
▒∙ ∙∙∙∙▒∙∙▒ ∙
∙▒∙ ∙∙∙∙▒
▒▒▒∙▒∙∙▒∙▒∙∙∙▒
▒ ▒ ∙∙▒▒∙▒∙∙▒
▒∙∙ ▒▒∙▒ ▒ ∙∙∙
∙ ∙∙▒ ▒ ∙∙ ▒
∙∙ ∙∙▒


You could see a flayed ghost, an ancient zyme, an ice devil and a white imp.

Vanquished Creatures
  Grinder (D:4)
  A large abomination (Abyss:2)
  Sigmund (D:3)
  A shadow (D:5)
  6 yaks (D:9)
  A wyvern (D:8)
  4 humans (Bailey)
  A steam dragon (D:5)
  Edmund (D:4)
  A small abomination (Abyss:2)
  A water moccasin (D:7)
  6 orc warriors
  3 ice beasts
  2 black bears
  3 sky beasts (D:7)
  2 centaurs
  2 ogres
  A kobold brigand (D:8)
  2 bullfrogs (D:7)
  A gnoll sergeant (D:7)
  2 scorpions (D:7)
  9 wights
  5 howler monkeys (D:8)
  An electric eel (D:7)
  4 hounds
  3 jellies (D:6)
  5 sleepcaps
  A gnoll bouda (D:8)
  12 orc priests
  3 iguanas
  Terence (D:2)
  8 orc wizards
  Robin (D:4)
  21 gnolls
  An adder (D:3)
  A shadow imp (D:7)
  A white imp (D:6)
  4 ufetubi
  2 worms
  4 dart slugs
  63 orcs
  6 ball pythons
  4 endoplasms
  4 giant cockroaches
  14 goblins
  8 hobgoblins
  4 jackals (D:3)
  4 quokkas
  5 bats
  11 kobolds
  9 rats
262 creatures vanquished.

Vanquished Creatures (collateral kills)
  An ice beast (D:6)
1 creature vanquished.

Vanquished Creatures (others)
  2 gnolls (D:5)
2 creatures vanquished.

Grand Total: 265 creatures vanquished

Notes
Turn   | Place    | Note
-------+----------+-------------------------------------------
     0 | D:1      | Zeor the Draconian Gladiator began the quest for the Orb.
     0 | D:1      | Reached XP level 1. HP: 17/17 MP: 1/1
   102 | D:1      | Reached XP level 2. HP: 24/24 MP: 2/2
   546 | D:1      | Reached XP level 3. HP: 20/30 MP: 3/3
   700 | D:2      | Noticed Terence
   706 | D:2      | Killed Terence
   707 | D:2      | Reached skill level 4 in Long Blades
   900 | D:2      | Reached XP level 4. HP: 37/37 MP: 4/4
  1350 | D:3      | Noticed Sigmund
  1362 | D:3      | Killed Sigmund
  1363 | D:3      | Reached skill level 5 in Long Blades
  1363 | D:3      | Reached XP level 5. HP: 19/44 MP: 5/5
  1821 | D:3      | Reached skill level 1 in Stealth
  1821 | D:3      | Reached XP level 6. HP: 51/51 MP: 6/6
  2014 | D:3      | Found a blossoming altar of Fedhas.
  2171 | D:3      | Found a stormy altar of Qazlal.
  2189 | D:3      | Found a shimmering blue altar of Sif Muna.
  2189 | D:3      | Found an ancient bone altar of Kikubaaqudgha.
  2191 | D:3      | Found a radiant altar of Vehumet.
  2196 | D:3      | Got Sif Muna's Atlas of Reconstruction
  2561 | D:4      | Found a bloodstained altar of Trog.
  2624 | D:4      | Reached skill level 6 in Long Blades
  2710 | D:4      | Noticed Robin
  2729 | D:4      | Killed Robin
  3077 | D:4      | Your scales start taking on a dull iron-grey colour.
  3077 | D:4      | Reached XP level 7. HP: 57/57 MP: 7/7
  3262 | D:4      | Noticed Edmund
  3308 | D:4      | Killed Edmund
  3396 | D:4      | Found a glowing golden altar of the Shining One.
  3483 | D:4      | Noticed Grinder
  3589 | D:5      | Entered Level 5 of the Dungeon
  3598 | D:5      | Noticed a shadow
  3710 | D:4      | Killed Grinder
  3711 | D:4      | Reached skill level 7 in Long Blades
  3969 | D:5      | Found a white marble altar of Elyvilon.
  3992 | D:5      | Noticed a steam dragon
  4010 | D:5      | HP: 1/58 [gnoll/+0 whip (5)]
  4011 | D:5      | fart
  4013 | D:5      | Killed a steam dragon
  4014 | D:5      | Reached XP level 8. HP: 31/66 MP: 8/8
  4309 | D:5      | Reached skill level 8 in Long Blades
  4309 | D:5      | Reached skill level 5 in Dodging
  4309 | D:5      | Reached skill level 1 in Spellcasting
  4561 | D:5      | Found a burning altar of Makhleb.
  4596 | D:5      | Learned a level 1 spell: Magic Dart
  4599 | D:5      | Learned a level 2 spell: Searing Ray
  5339 | D:6      | Reached skill level 9 in Long Blades
  5871 | D:7      | Reached XP level 9. HP: 66/72 MP: 11/11
  6194 | D:7      | Reached skill level 10 in Long Blades
  6522 | D:7      | Found a staircase to the Ecumenical Temple.
  6527 | Temple   | Entered the Ecumenical Temple
  6540 | Temple   | Became a worshipper of the Wu Jian Council
  6594 | D:7      | Reached skill level 5 in Fighting
  6783 | D:7      | Found Imexawes's Self-Improvement Boutique.
  7623 | D:8      | Reached * piety under Wu Jian
  7838 | D:8      | Reached XP level 10. HP: 81/81 MP: 14/14
  7963 | D:8      | Reached skill level 11 in Long Blades
  7995 | D:8      | Reached ** piety under Wu Jian
  8547 | D:9      | Found a flagged portal.
  8587 | Bailey   | Entered a bailey
  9238 | D:9      | Reached skill level 12 in Long Blades
  9315 | D:9      | Found a hide-covered altar of Uskayaw.
  9468 | D:9      | Reached *** piety under Wu Jian
  9717 | D:9      | Found a staircase to the Orcish Mines.
  9859 | D:9      | Found a sparkling altar of Nemelex Xobeh.
  9931 | D:9      | Found a shimmering altar of Xom.
 10011 | D:9      | Noticed a wizard
 10015 | Abyss:2  | Found a corrupted altar of Lugonu.
 10015 | Abyss:2  | Cast into level 2 of the Abyss (a wizard)
 10094 | Abyss:2  | Noticed a flayed ghost
 10097 | Abyss:2  | sure
 10102 | Abyss:2  | suuuure
 10102 | Abyss:2  | good crawl
 10103 | Abyss:2  | Slain by an ice devil

Illustrated notes ∙∙∙∙ ∙∙∙∙∙∙∙∙∙∙∙∙∙▒▒ ∙∙∙∙∙∙ ∙∙∙∙∙∙∙∙∙∙$∙∙▒∙ ∙∙∙∙∙∙ ∙∙∙ ∙∙∙∙∙∙∙∙∙∙ ∙∙∙∙∙∙ ▒∙∙ ∙∙∙∙∙∙∙∙∙ ∙∙∙▒∙ ▒∙∙ ▒∙∙▒∙∙∙∙∙∙ ∙∙∙∙∙ ∙∙ ▒▒∙▒▒▒∙∙∙▒∙∙∙∙∙ ∙∙∙∙∙ ∙∙∙▒▒∙∙∙▒▒∙)∙∙∙∙∙∙∙ ∙∙∙▒∙ ▒∙∙∙∙∙#∙DWg∙∙≈≈≈∙∙∙ ∙∙∙▒∙ ▒∙∙▒∙∙g)∙d∙∙≈≈≈≈≈∙∙∙∙∙∙∙∙∙ ▒ ▒▒∙g∙#▒▒∙≈≈▄≈≈∙∙∙∙∙∙∙∙∙ ▒∙g▒▒∙∙▒∙≈≈∙≈≈∙∙∙∙∙∙∙∙∙ ▒∙∙∙ ▒∙∙∙∙≈≈∙≈≈∙∙∙∙▒▒∙∙∙ ▒g∙∙ ▒∙∙∙∙≈≈∙≈≈∙∙∙▒ ▒∙∙▒ ∙∙∙∙∙ ▒▒∙∙∙≈∙∙∙≈∙∙∙▒▒▒▒▒▒ ▒▒∙∙∙∙∙▒∙∙∙∙≈∙8∙≈∙∙∙∙▒▒▒∙▒ ∙∙∙∙∙∙∙∙∙∙∙∙∙∙∙∙∙∙∙∙∙∙∙∙∙ ▒∙∙∙∙∙∙∙▒▒▒∙▒▒▒∙▒∙∙▒∙∙ Turn 4011 on D:5: fart 5▒ ∙▒▒ ∙ ▒∙∙▒∙∙ ∙ ▒▒∙∙∙∙∙ ∙∙▒▒▒▒▒▒▒∙∙∙∙ ▒∙∙▒∙▒∙▒∙∙▒ ▒▒∙∙∙▒∙∙▒▒ ▒∙ ▒∙∙∙∙d∙∙∙▒ ▒∙∙▒∙▒▒▒x∙▒∙▒ ▒∙ ∙∙∙∙▒∙∙▒ ∙▒∙▒∙∙∙ ∙∙▒ ▒▒▒∙▒∙∙▒∙▒∙∙∙▒ ▒ ▒ ∙∙▒▒∙▒∙∙▒ ▒∙∙▒▒▒∙▒∙▒ ∙∙∙ ∙▒∙∙▒ ▒ ∙∙ ▒ ∙∙ ∙∙▒ Turn 10097 on Abyss:2: sure

∙ ∙▒▒ ▒∙ 5#▒ ∙
∙▒ ▒∙∙▒∙∙ ∙ ∙
▒▒∙∙∙∙∙
∙∙▒▒▒∙▒▒▒▒∙∙∙
▒∙∙▒▒▒∙∙∙∙▒
▒▒∙∙∙▒W∙▒▒ ▒∙
▒∙∙∙∙∙d∙∙▒
▒∙∙▒∙▒▒▒x4▒∙▒
▒∙ ∙∙∙∙▒∙∙▒
∙▒∙▒∙ ∙∙∙∙▒
▒▒▒∙▒∙∙▒∙▒∙∙∙▒
▒ ▒ ∙∙▒▒∙▒∙∙▒
▒∙∙ ▒▒∙▒ ▒ ∙∙∙
∙ ∙∙▒ ▒ ∙∙ ▒
∙∙ ∙∙▒


Turn 10102 on Abyss:2: suuuure

Levels and vault maps discovered:
D:1:      mainiacjoe_arrival_reflecting_pool, layout_rooms
D:2:      layout_loops_ring, uniq_terence
D:3:      layout_loops_corners, grunt_temple_overflow_forces_of_nature,
          grunt_temple_overflow_magic_moments, uniq_sigmund
D:4:      layout_cave_pods, old_standard_altar, lemuel_coloured_pillars_altar,
          serial_rivers, chequers_serial_rivers_large_b,
          chequers_serial_rivers_small_3, chequers_serial_rivers_room_b,
          chequers_serial_rivers_micro_b, minmay_strange_pillars, uniq_grinder,
          uniq_edmund, uniq_robin
D:5:      layout_cave_pools, mainiacjoe_overflow_catwalk, general_overflow_altar
D:6:      layout_basic, amcnicky_mini_pool_small
D:7:      nzn_winding_woodlands_medium [nzn_winding_woodlands_5x5_closed_star,
          nzn_winding_woodlands_5x15_sidewinder,
          nzn_winding_woodlands_5x5_open_star,
          nzn_winding_woodlands_5x5_default,
          nzn_winding_woodlands_center_garden, nzn_winding_woodlands_5x5_cross,
          nzn_winding_woodlands_5x5_checkerboard,
          nzn_winding_woodlands_5x15_river_crossing,
          nzn_winding_woodlands_5x5_three], layout_basic, temple_doors_e,
          nicolae_shop_self_help
D:8:      layout_basic, special_room [special_room_orc]
D:9:      layout_irregular_city, amcnicky_altar_gilded,
          mainiacjoe_overflow_divided_tiny, hiddenorc1_lemuel, enter_bailey_7,
          laboratory
Temple:   nicolae_temple_ecumenical_triangle
Abyss:2:  base: D:8, base:
D:4

Skill      XL: |  1  2  3  4  5  6  7  8  9 10 |
---------------+-------------------------------+-----
Dodging        | 3 4 5 6 7 |  7.4
Long Blades    | 4 5 6 7 9 10 12 | 12.3
Fighting       | 3 4 5 6 |  6.3
Stealth        | 1 2 4 |  4.4
Throwing       | 2 |  2.3
Spellcasting   | 1 3 4 |  4.2

Action                     |  1- 3 |  4- 6 |  7- 9 | 10-12 || total
---------------------------+-------+-------+-------+-------++-------
  Melee: Long sword        |    81 |   156 |   440 |   210 ||   887
         Tailslap          |     8 |    24 |    67 |    52 ||   151
         Punch             |       |     1 |     3 |     1 ||     5
         Great sword       |       |       |       |    74 ||    74
         Falchion          |       |       |       |    19 ||    19
  Throw: Boomerang         |       |    13 |     2 |       ||    15
         Javelin           |       |     1 |     1 |       ||     2
Ability: Lunge             |       |       |    13 |    16 ||    29
         Whirlwind         |       |       |       |    23 ||    23
         Wall Jump         |       |       |       |     8 ||     8
    Use: Scroll            |    11 |     5 |     9 |     2 ||    27
         Potion            |       |     4 |     4 |     5 ||    13
   Stab: Sleeping          |       |     1 |     5 |     1 ||     7
         Invisible         |       |       |     5 |     6 ||    11
         Distracted        |       |       |     1 |       ||     1
 Armour: Skin              |    28 |    53 |   141 |    53 ||   275
  Dodge: Dodged            |    49 |   115 |   281 |   170 ||   615
